 Dungeon Crawl Stone Soup version 0.28-a0-657-g71136c5590 (webtiles) character file.

Game seed: 6888199661687661754

18 lawman0 the Covert (level 2, -2/29 HPs)
             Began as a Gnoll Delver on Oct 13, 2021.
             Was an Initiate of Fedhas.
             Slain by an orc (8 damage)
             ... on level 4 of the Dungeon.
             The game lasted 00:01:07 (237 turns).

lawman0 the Covert (Gnoll Delver)                    Turns: 237, Time: 00:01:08

Health: -2/29      AC:  3    Str: 11    XL:     2   Next: 70%
Magic:  2/2        EV: 13    Int:  9    God:    Fedhas [......]
Gold:   0          SH:  0    Dex: 13    Spells: 2/2 levels left

rFire   . . .      SeeInvis .   a - +0 falchion
rCold   . . .      Faith    .   (no shield)
rNeg    . . .      Spirit   .   b - +0 leather armour
rPois   .          Reflect  .   (no helmet)
rElec   .          Harm     .   (no cloak)
rCorr   +          Rampage  .   (no gloves)
Will    .....                   (no boots)
Stlth   ++++......              (no amulet)
HPRegen 0.09/turn               d - ring of resist corrosion
MPRegen 0.08/turn               (no ring)

@: no status effects
A: fangs 1, strong nose, distributed training
a: Renounce Religion


You were on level 4 of the Dungeon.
You worshipped Fedhas.
Fedhas was noncommittal.
You visited 2 branches of the dungeon, and saw 3 of its levels.

Inventory:

Hand Weapons
 a - a +0 falchion (weapon)
Armour
 b - a +0 leather armour (worn)
Jewellery
 d - a ring of resist corrosion (left hand)
Wands
 g - a wand of digging (3)
Scrolls
 c - a scroll of fog
 e - a scroll of fear
Potions
 f - a potion of haste


   Skills:
 + Level 6.5 Fighting
 + Level 0.5 Short Blades
 + Level 4.5 Long Blades
 + Level 0.5 Axes
 + Level 0.5 Maces & Flails
 + Level 0.5 Polearms
 + Level 0.5 Staves
 + Level 0.5 Slings
 + Level 0.5 Bows
 + Level 0.5 Crossbows
 + Level 0.5 Throwing
 + Level 0.5 Armour
 + Level 4.5 Dodging
 + Level 9.5 Stealth
 + Level 0.5 Shields
 + Level 0.5 Unarmed Combat
 + Level 0.5 Spellcasting
 + Level 0.3 Conjurations
 + Level 0.3 Hexes
 + Level 0.3 Summonings
 + Level 0.3 Necromancy
 + Level 0.3 Translocations
 + Level 0.3 Transmutations
 + Level 0.3 Fire Magic
 + Level 0.3 Ice Magic
 + Level 0.3 Air Magic
 + Level 0.3 Earth Magic
 + Level 0.3 Poison Magic
 + Level 0.6 Invocations
 + Level 0.5 Evocations


You had 2 spell levels left.
You didn't know any spells.
Your spell library was empty.

Dungeon Overview and Level Annotations

Branches:
Dungeon (5/15)             Temple (1/1) D:5

Altars:
Ashenzari
Cheibriados
Elyvilon
Fedhas
Makhleb
Nemelex Xobeh
Trog
Vehumet
Wu Jian
Xom

Annotations:
D:5 Eustachio


Innate Abilities, Weirdness & Mutations

You have very sharp teeth.
Your uncanny sense of smell can sniff out nearby items.
Your experience applies equally to all skills.


Message History

The orc closely misses you. The orc closely misses you.
Things that are here:
a +0 dagger; an orc corpse Unknown command.
Okay, then.
As you read the scroll labelled ZIKHLE BONWAU, it crumbles to dust.
It is a scroll of identify.
You don't have any unidentified items.
The orc misses you.
You hit the orc.
The orc is lightly wounded.
The orc barely misses you. The orc completely misses you.
You are too injured to fight recklessly!
You are too injured to fight recklessly!
You hit the orc.
The orc is heavily wounded.
The orc barely misses you.
The orc hits you from afar with a +3 trident.
Found a scroll of identify.
The orc hits you with a +0 dagger.
You hit the orc.
You kill the orc!
Fedhas appreciates your contribution to the ecosystem.
Things that are here:
a +0 dagger; an orc corpse You hit the orc.
The orc is almost dead.
An orc wizard comes into view. It is wielding a +0 dagger.
The orc completely misses you. The orc closely misses you.
You barely miss the orc.
The orc wizard shouts!
Your bite misses the orc. The orc barely misses you. x2
You hit the orc.
You kill the orc!
Fedhas appreciates your contribution to the ecosystem.
The orc hits you with a +3 trident.
* * * LOW HITPOINT WARNING * * *
The orc hits you from afar with a +3 trident!
You die...
Fedhas appreciates your contribution to the ecosystem.

.. #. ######## #. #......#
##.###### #......#
#.......# #......# #
#.......# #......#
....#...)o..#######.).....
........)...oo...)........
##.#.?...@..#.#########...
#........#.# #...
##.###.###.# #... #. #.#
#.# ##.. ## #.# #.# #..
..# #.# #.. ..# ... #..
.##


You could see an orc wizard and 2 orcs.

Vanquished Creatures
  An adder (D:5)
  4 orcs (D:4)
  A quokka (D:5)
6 creatures vanquished.

Notes
Turn   | Place    | Note
-------+----------+-------------------------------------------
     0 | D:5      | Reached skill level 9 in Stealth
     0 | D:5      | lawman0 the Gnoll Delver began the quest for the Orb.
     0 | D:5      | Reached XP level 1. HP: 23/23 MP: 1/1
    15 | D:5      | Reached XP level 2. HP: 21/29 MP: 2/2
   114 | D:5      | Noticed Eustachio
   117 | D:5      | Found a staircase to the Ecumenical Temple.
   127 | Temple   | Entered the Ecumenical Temple
   169 | Temple   | Became a worshipper of Fedhas Madash
   237 | D:4      | Slain by an orc

Illustrated notes

Levels and vault maps discovered:
D:4:      layout_basic, hellmonk_ghost_happy_afterlife, minmay_misc_feat_chi
D:5:      kb_forest_paths, layout_basic, led_sif_pool,
          nicolae_qazlal_general_emergency, minmay_temple_entry_mini_moons,
          minivault_26, nicolae_shop_overcharged_wands, uniq_eustachio
Temple:   eino_temple_lava

Skill      XL: | |
---------------+-+-----
Stealth        | |  9.5
Fighting       | |  6.5
Short Blades   | |  0.5
Long Blades    | |  4.5
Axes           | |  0.5
Maces & Flails | |  0.5
Polearms       | |  0.5
Staves         | |  0.5
Slings         | |  0.5
Bows           | |  0.5
Crossbows      | |  0.5
Throwing       | |  0.5
Armour         | |  0.5
Dodging        | |  4.5
Shields        | |  0.5
Unarmed Combat | |  0.5
Spellcasting   | |  0.5
Conjurations   | |  0.3
Hexes          | |  0.3
Summonings     | |  0.3
Necromancy     | |  0.3
Translocations | |  0.3
Transmutations | |  0.3
Fire Magic     | |  0.3
Ice Magic      | |  0.3
Air Magic      | |  0.3
Earth Magic    | |  0.3
Poison Magic   | |  0.3
Invocations    | |  0.6
Evocations     | |  0.5

Action                   || total
-------------------------++-------
Melee: Falchion          ||    22
       Bite              ||     1
  Use: Scroll            ||     2
Armor: Leather armour    ||     1
Dodge: Dodged            ||    22

Table legend: (Time is in decaauts)
 A = Elapsed time spent in this place.
 B = Non-inter-level travel time spent in this place.
 C = Inter-level travel time spent in this place.
 D = Time resting spent in this place.
 E = Time spent auto-exploring this place.
 F = Levels seen in this place.
 G = Mean time per level.
                   A        B        C        D        E       F      G
               +--------+--------+--------+--------+--------+-----+--------+
         Total |    238 |    223 |     15 |     79 |      0 |   3 |   79.3 |
       Dungeon |    186 |    179 |      7 |     79 |      0 |   2 |   93.0 |
        Temple |     51 |     43 |      8 |      0 |      0 |   1 |   51.0 |
               +--------+--------+--------+--------+--------+-----+--------+

Top non-repeatable levels by time:
     D:5: 148 daAuts
  Temple: 51 daAuts
     D:4: 37 daAuts
